Map: Efflorescence LE

Players

Ferdia

  • Race: Protoss Protoss
  • League: Diamond
  • Spawn Location: 12:00

deaconfrost

  • Race: Terran Terran
  • League: Diamond
  • Spawn Location: 3:00

Massa - Winner!

  • Race: Terran Terran
  • League: Gold
  • Spawn Location: 9:00

qqq - Winner!

  • Race: Zerg Zerg
  • League: Platinum
  • Spawn Location: 6:00

VOD

Have the link to the VOD?

Description

Time

  • Played on: Aug. 12, 2020, 1:50 p.m.
  • Length: 32:47
Show
View Real Time Build Order
Export as new Build Order

Ferdia Protoss 

Build Orders:  

Get SALT Encoding   

  12  0:03  Probe  
  13  0:15  Probe  
  13  0:20  Pylon  
  14  0:27  Probe  
  15  0:39  Gateway  
  15  0:44  Probe  
  15  0:47  Assimilator  
  16  0:56  Probe  
  17  1:08  Probe  
  18  1:20  Probe  
  18  1:25  Pylon  
  19  1:28  Cybernetics Core  
  19  1:32  Probe  
  20  1:44  Probe, Zealot  
  23  1:56  Probe  
  23  1:57  Gateway  
  23  2:00  Gateway  
  24  2:10  Warp Gate (Chrono Boost)  
  24  2:11  Pylon  
  24  2:24  Stalker  
  26  2:30  Robotics Facility  
  26  2:36  Shield Battery  
  26  2:37  Probe  
  27  2:53  Adept  
  27  2:55  Adept  
  27  2:57  Assimilator  
  31  3:11  Adept  
  33  3:18  Warp Prism  
  35  3:27  Pylon  
  35  3:45  Gateway  
  35  4:15  Nexus  
  35  4:17  Pylon  
  35  4:27  Probe  
  36  4:39  Probe  
  37  4:53  Stalker x4  
  31  5:18  Adept x3  
  31  5:20  Probe  
  38  5:27  Shield Battery  
  38  5:32  Probe  
  39  5:52  Adept x4  
  47  6:00  Probe x2  
  33  6:12  Probe x2  
  33  6:16  Robotics Bay  
  33  6:18  Adept x2  
  37  6:24  Probe (Chrono Boost)  
  37  6:25  Probe (Chrono Boost)  
  41  6:31  Observer  
  42  6:36  Probe x2 (Chrono Boost)  
  44  6:43  Assimilator  
  44  6:46  Probe  
  45  6:50  Assimilator  
  45  6:58  Twilight Council  
  45  7:00  Probe  
  45  7:01  Probe  
  47  7:11  Shield Battery  
  47  7:12  Probe  
  47  7:13  Probe  
  49  7:16  Colossus (Chrono Boost)  
  55  7:24  Probe  
  55  7:25  Probe  
  57  7:37  Probe  
  58  7:46  Nexus  
  58  7:52  Pylon  
  58  8:00  Dark Shrine  
  58  8:01  Pylon  
  58  8:04  Probe x2  
  60  8:12  Colossus (Chrono Boost)  
  60  8:16  Probe  
  60  8:17  Probe  
  68  8:27  Stalker x3  
  71  8:56  Pylon  
  71  8:57  Stalker  
  71  8:58  Stalker x3  
  70  9:17  Gateway  
  70  9:24  Probe, Gateway  
  70  9:25  Probe  
  70  9:27  Pylon  
  70  9:29  Dark Templar x4  
  80  9:31  Colossus (Chrono Boost)  
  80  10:06  Probe x2  
  82  10:13  Observer (Chrono Boost)  
  83  10:18  Probe x2  
  85  10:23  Nexus  
  85  10:25  Assimilator  
  85  10:30  Probe  
  85  10:31  Assimilator  
  85  10:33  Shield Battery  
  86  10:36  Probe  
  86  10:37  Shield Battery  
  86  10:38  Shield Battery  
  86  10:41  Pylon  
  86  10:42  Probe  
  88  10:48  Probe  
  88  10:54  Probe  
  71  11:06  Colossus  
  71  11:09  Stalker x2  
  71  11:10  Stalker x4  
  89  11:25  Pylon  
  89  11:26  Pylon  
  89  11:27  Pylon  
  81  11:38  Protoss Air Weapons Level 1 (Chrono Boost)  
  81  11:51  Stargate  
  81  11:52  Stargate  
  81  11:57  Stargate  
  81  12:00  Colossus (Chrono Boost)  
  81  12:08  Probe x3  
  90  12:24  Probe x3  
  93  12:35  Nexus  
  93  12:36  Probe x2  
  95  12:38  Pylon  
  95  12:44  Void Ray x2 (Chrono Boost)  
  103  12:50  Templar Archives  
  103  12:57  Void Ray (Chrono Boost)  
  107  13:02  Forge  
  107  13:04  Forge  
  107  13:12  Psionic Storm  
  107  13:15  Probe x3  
  110  13:20  Shield Battery  
  110  13:21  Shield Battery  
  110  13:24  Assimilator  
  110  13:27  Probe x2  
  110  13:28  Assimilator  
  110  13:32  Blink (Chrono Boost)  
  112  13:34  Protoss Ground Weapons Level 1 (Chrono Boost), Protoss Ground Armor Level 1 (Chrono Boost)  
  112  13:43  Fleet Beacon  
  112  13:44  Pylon  
  112  13:51  High Templar x5  
  112  13:52  High Templar  
  124  14:06  Void Ray x2 (Chrono Boost)  
  124  14:08  Observer  
  133  14:12  Probe x3  
  134  14:24  Probe x3  
  94  15:05  Dark Templar x3  
  94  15:06  Dark Templar x3  
  103  15:29  Carrier x2 (Chrono Boost)  
  103  15:31  Probe x3  
  106  15:40  Photon Cannon  
  106  15:41  Photon Cannon  
  106  15:43  Probe x3, Photon Cannon  
  106  15:46  Photon Cannon  
  109  15:55  Probe x3, Photon Cannon  
  111  15:57  Nexus  
  111  16:01  Carrier (Chrono Boost)  
  99  16:06  Protoss Shields Level 1  
  99  16:07  Probe x2  
  99  16:08  Probe  
  108  16:19  Probe x2  
  108  16:20  Probe  
  108  16:23  Assimilator  
  111  16:31  Probe  
  112  16:34  Stargate x2  
  112  16:36  Stargate  
  112  16:49  Observer  
  113  16:55  Extended Thermal Lance (Chrono Boost)  
  113  17:08  Charge (Chrono Boost)  
  113  17:30  Carrier, Assimilator  
  113  17:33  Nexus  
  113  17:34  Pylon, Zealot x6  
  131  17:37  Pylon  
  131  17:40  Warp Prism, Assimilator  
  133  17:55  Probe x4  
  137  18:07  Probe x3  
  136  18:23  Void Ray  
  136  18:24  Void Ray x3  
  153  18:28  Gravitic Boosters  
  147  18:34  Void Ray  
  135  18:53  Probe x5  
  136  18:59  Photon Cannon  
  136  19:02  Photon Cannon  
  135  19:04  Photon Cannon  
  135  19:05  Probe x5  
  135  19:06  Photon Cannon  
  135  19:08  Photon Cannon  
  140  19:10  Photon Cannon  
  140  19:13  Pylon  
  140  19:15  Pylon  
  139  19:17  Probe  
  139  19:29  Photon Cannon  
  139  19:30  Pylon  
  139  19:33  Pylon  
  139  19:34  Void Ray x2  
  147  20:00  Zealot x2  
  147  20:01  Zealot x4  
  154  20:19  Carrier  
  154  20:20  Carrier x2  
  170  20:43  Dark Templar x6  
  145  21:09  Carrier  
  130  21:16  Probe x3  
  99  21:28  Probe x3  
  94  21:38  Nexus  
  94  21:40  Probe x2  
  90  21:58  Nexus  
  90  22:01  Assimilator  
  90  22:07  Assimilator  
  90  22:28  Carrier x3  
  108  22:42  Stargate  
  108  22:44  Stargate  
  108  22:47  Stargate  
  108  22:49  Protoss Air Weapons Level 2  
  64  24:21  Nexus  
  64  24:23  Pylon  
  64  24:32  Nexus  
  64  24:36  Void Ray x3  
  84  24:54  Zealot  
  84  24:55  Zealot x4  
  84  24:56  Zealot  
  96  25:20  Protoss Air Armor Level 1  
  95  25:36  Dark Templar x3  
  95  25:38  Zealot  
  95  25:39  Zealot x2  
  104  25:56  Nexus  
  95  25:57  Probe  
  95  25:58  Probe  
  95  25:59  Probe  
  90  26:07  Zealot x3  
  90  26:08  Zealot  
  90  26:09  Probe, Zealot x2  
  90  26:10  Probe  
  105  26:11  Probe  
  105  26:21  Probe  
  105  26:22  Probe  
  105  26:23  Probe  
  108  26:33  Probe  
  108  26:34  Probe  
  108  26:35  Probe  
  107  26:45  Probe  
  107  26:46  Probe  
  109  26:47  Probe  
  110  26:58  Probe x2  
  110  26:59  Probe  
  113  27:10  Probe x2  
  113  27:11  Probe  
  113  27:14  Nexus  
  110  27:22  Probe x2  
  112  27:24  Probe  
  113  27:34  Probe x2  
  113  27:36  Probe  
  108  27:42  Dark Templar x2  
  91  28:03  Void Ray x2  
  84  28:12  Pylon  
  62  28:52  Probe  
  62  28:53  Probe  
  64  29:05  Probe x2  
Show
View Real Time Build Order
Export as new Build Order

deaconfrost Terran 

Build Orders: Mech 

Get SALT Encoding   

  12  0:07  SCV  
  13  0:19  SCV  
  13  0:21  Supply Depot  
  14  0:32  SCV  
  15  0:44  Barracks  
  15  0:46  SCV  
  15  0:49  Refinery  
  16  0:57  Refinery  
  16  0:58  SCV  
  17  1:10  SCV  
  18  1:22  SCV  
  19  1:31  Marine  
  20  1:35  Orbital Command  
  20  1:51  Factory  
  20  2:02  Marine  
  20  2:04  SCV  
  22  2:17  SCV  
  22  2:21  Barracks Reactor  
  23  2:24  Supply Depot  
  23  2:36  Starport, Factory Tech Lab  
  23  2:41  Supply Depot  
  23  2:43  SCV  
  23  2:55  SCV  
  23  2:56  Siege Tank  
  23  2:58  Marine x2  
  29  3:03  Supply Depot  
  29  3:08  SCV  
  30  3:15  Marine  
  30  3:16  Marine  
  30  3:18  Medivac  
  34  3:32  Siege Tank  
  34  3:33  Marine x2  
  39  3:41  Supply Depot  
  39  3:49  Medivac  
  39  3:51  SCV  
  42  4:09  SCV  
  43  4:16  Command Center  
  43  4:17  Marine x2  
  45  4:39  Marine, Siege Tank  
  45  4:40  Marine  
  45  4:41  SCV  
  45  4:44  Supply Depot  
  51  4:46  Starport Reactor  
  51  4:53  Factory  
  51  5:00  Marine x2  
  51  5:02  SCV  
  54  5:07  Factory  
  54  5:28  SCV  
  54  5:30  Cyclone  
  47  5:57  SCV  
  47  5:59  Factory Reactor  
  47  6:00  Factory Tech Lab  
  47  6:02  Orbital Command  
  47  6:03  Factory  
  48  6:08  Cyclone  
  48  6:09  SCV  
  52  6:11  Supply Depot  
  52  6:12  Supply Depot  
  52  6:17  Factory  
  47  6:40  SCV  
  47  6:41  Siege Tank  
  47  6:43  Hellion x2  
  47  6:46  SCV  
  56  7:02  Factory Tech Lab  
  56  7:06  Widow Mine, Hellion  
  56  7:07  SCV  
  61  7:14  SCV  
  62  7:19  SCV  
  62  7:20  Factory Tech Lab  
  62  7:21  Cyclone  
  66  7:22  Mag-Field Accelerator  
  66  7:27  SCV  
  67  7:31  Refinery, SCV  
  67  7:32  Refinery  
  68  7:37  Command Center  
  68  7:38  Refinery  
  68  7:39  SCV  
  68  7:41  Hellion  
  68  7:42  Hellion  
  68  7:43  Armory  
  73  7:51  SCV x2  
  75  8:12  Siege Tank  
  78  8:15  SCV  
  53  8:41  Hellion x2  
  53  8:42  Cyclone  
  53  8:48  Terran Vehicle Weapons Level 1  
  55  8:49  Armory  
  55  8:52  Orbital Command  
  55  9:14  Cyclone  
  58  9:23  Hellion x2  
  62  9:27  Siege Tank  
  62  9:31  SCV  
  66  9:35  Refinery  
  66  9:44  Hellion x2  
  66  10:09  SCV  
  66  10:10  Command Center  
  67  10:15  Cyclone  
  67  10:16  Cyclone x2  
  67  10:17  Cyclone  
  67  10:18  Hellion x2  
  67  10:19  SCV  
  84  10:23  SCV  
  85  10:31  SCV  
  85  10:35  SCV  
  87  10:37  Terran Vehicle And Ship Armor Level 1, Supply Depot  
  87  10:38  Supply Depot  
  87  10:40  Hellion x2  
  87  10:41  Terran Vehicle Weapons Level 2  
  91  10:43  SCV  
  92  10:59  Cyclone  
  95  11:15  Cyclone x2  
  93  11:20  Cyclone  
  93  11:23  Orbital Command  
  96  11:26  SCV  
  96  11:31  Hellion x2  
  101  11:36  Starport  
  101  11:38  Starport, SCV  
  102  11:43  Cyclone  
  105  11:49  SCV  
  105  11:50  SCV x2  
  108  11:57  Siege Tank  
  108  12:01  SCV  
  112  12:02  Hellion x2  
  112  12:04  Hellion  
  118  12:09  Cyclone  
  119  12:23  Hellion x2  
  123  12:34  Starport Tech Lab  
  123  12:35  Starport, Starport Tech Lab  
  123  12:39  Fusion Core  
  123  12:41  Command Center  
  123  12:58  Cyclone x2  
  118  13:01  Cyclone  
  118  13:02  SCV x3  
  122  13:11  Cyclone  
  119  13:14  SCV x3  
  95  13:26  SCV x2  
  79  13:30  Starport Tech Lab  
  79  13:34  Refinery  
  79  13:37  Hellion x2  
  79  13:38  SCV  
  79  13:39  Terran Vehicle And Ship Armor Level 2  
  79  13:41  Terran Ship Weapons Level 1  
  84  13:43  SCV  
  84  13:45  Refinery, SCV  
  84  13:48  Siege Tank  
  89  13:50  SCV  
  89  13:55  SCV  
  91  13:58  SCV, Hellion x2  
  91  14:02  SCV  
  97  14:05  Barracks  
  97  14:06  Orbital Command  
  97  14:07  SCV  
  97  14:08  Weapon Refit  
  100  14:11  Refinery  
  100  14:12  Command Center  
  100  14:14  SCV  
  99  14:19  SCV, Hellion  
  99  14:21  Siege Tank  
  99  14:22  Siege Tank  
  107  14:32  Command Center, Siege Tank  
  107  14:34  Hellion  
  111  14:41  Hellion  
  110  14:47  SCV  
  110  14:52  Battlecruiser  
  117  14:54  Supply Depot  
  117  14:55  Hellion  
  119  15:02  SCV, Hellion  
  122  15:15  Battlecruiser  
  122  15:16  SCV  
  129  15:28  Battlecruiser  
  129  15:30  SCV  
  129  15:32  Supply Depot  
  129  15:34  SCV, Supply Depot x2  
  129  15:35  Supply Depot  
  137  15:48  Command Center  
  137  15:50  SCV  
  137  15:51  SCV  
  137  15:52  SCV x2  
  141  15:57  Terran Ship Weapons Level 2  
  141  16:02  SCV  
  142  16:11  SCV  
  143  16:16  Battlecruiser  
  149  16:18  SCV  
  150  16:29  Refinery  
  150  16:33  SCV  
  150  16:34  SCV x2  
  150  16:35  SCV  
  150  16:37  Terran Vehicle And Ship Armor Level 3  
  155  16:47  SCV, Engineering Bay  
  155  16:48  SCV  
  155  16:51  Supply Depot  
  156  17:00  SCV  
  157  17:02  SCV  
  141  17:37  Planetary Fortress  
  141  17:48  Battlecruiser  
  141  17:49  Sensor Tower, Battlecruiser  
  141  17:50  Battlecruiser  
  160  17:51  SCV x2  
  160  17:56  SCV  
  162  18:08  Refinery  
  162  18:11  Refinery  
  127  18:53  Battlecruiser x2  
  124  19:01  SCV  
  125  19:04  Planetary Fortress  
  125  19:07  SCV  
  126  19:11  SCV  
  126  19:13  Refinery  
  126  19:14  Command Center  
  127  19:23  Battlecruiser  
  133  19:26  Supply Depot  
  133  19:39  Starport  
  133  19:57  Battlecruiser  
  139  20:03  Battlecruiser  
  145  20:12  SCV  
  140  20:18  SCV  
  140  20:20  Terran Ship Weapons Level 3  
  130  20:48  SCV  
  131  20:50  SCV  
  132  21:01  Battlecruiser  
  138  21:06  Command Center  
  138  21:07  Refinery  
  138  21:08  Refinery  
  138  21:11  Battlecruiser  
  144  21:34  Orbital Command  
  132  21:59  SCV  
  133  22:06  Battlecruiser  
  136  22:15  Battlecruiser  
  139  22:36  Orbital Command  
  128  22:47  Command Center  
  127  22:55  Battlecruiser  
  133  23:03  Orbital Command  
  133  23:21  Command Center  
  117  24:14  Orbital Command  
  117  24:16  Battlecruiser  
  31  25:55  Orbital Command  
Show
View Real Time Build Order
Export as new Build Order

Massa Terran - Winner!

Build Orders:  

Get SALT Encoding   

  12  0:01  SCV  
  13  0:13  SCV  
  14  0:21  Supply Depot  
  14  0:25  SCV  
  15  0:33  Refinery  
  15  0:43  SCV  
  15  0:47  Barracks  
  16  0:55  SCV  
  17  1:07  SCV  
  18  1:16  Refinery  
  18  1:19  SCV  
  19  1:31  SCV  
  20  1:40  Reaper  
  21  1:47  Supply Depot  
  21  2:07  SCV  
  21  2:20  Orbital Command  
  21  2:30  Marine  
  21  2:31  Command Center  
  21  2:35  Factory  
  21  2:47  Marine  
  21  2:50  SCV  
  23  2:56  Engineering Bay  
  23  3:02  SCV  
  23  3:05  Marine  
  25  3:13  Supply Depot  
  25  3:14  SCV  
  26  3:23  Barracks, Terran Infantry Weapons Level 1  
  26  3:26  SCV, Missile Turret  
  27  3:32  Factory Tech Lab  
  27  3:34  Barracks Tech Lab  
  27  3:40  Supply Depot  
  27  3:46  Orbital Command  
  27  3:48  SCV  
  28  3:57  Stimpack  
  28  4:00  Widow Mine, SCV  
  31  4:04  Marauder  
  33  4:10  Barracks Reactor  
  33  4:15  SCV  
  33  4:16  SCV  
  35  4:28  SCV x2, Missile Turret  
  35  4:29  Refinery  
  37  4:36  Refinery  
  37  4:47  Marine x2  
  37  4:48  Marauder  
  35  5:05  Marine x2  
  35  5:10  Marauder  
  35  5:23  Marine x2  
  37  5:31  Marauder  
  37  5:34  SCV x2  
  41  5:40  Marine  
  41  5:41  Marine  
  42  5:46  SCV x2  
  43  5:53  Marauder  
  38  6:14  Marauder  
  38  6:17  SCV x2  
  44  6:27  Siege Tank  
  44  6:29  SCV x2  
  47  6:35  Marauder  
  47  6:39  Terran Infantry Armor Level 1  
  49  6:41  SCV, Missile Turret  
  50  6:55  SCV x2  
  50  7:01  Concussive Shells  
  52  7:07  SCV x2  
  54  7:10  Marauder, Marine x2  
  58  7:19  SCV x2  
  60  7:28  Marine x2  
  62  7:34  Supply Depot  
  62  7:35  Supply Depot  
  62  7:37  Missile Turret  
  62  7:44  Combat Shield  
  62  7:55  SCV x2, Marine x2  
  62  7:56  Widow Mine, Marauder  
  70  7:58  Supply Depot  
  70  7:59  Supply Depot  
  70  8:07  SCV  
  71  8:12  Armory  
  71  8:13  Marine x2  
  71  8:17  Starport, Barracks, Marauder  
  74  8:38  Marine  
  75  8:56  Marine  
  75  9:02  Marine x2  
  78  9:06  Barracks Tech Lab  
  70  9:14  Marauder  
  69  9:17  Siege Tank  
  69  9:20  Marine x2  
  69  9:21  Terran Vehicle Weapons Level 1  
  74  9:30  Command Center  
  74  9:34  Refinery, SCV  
  74  9:35  SCV, Marauder  
  74  9:37  Marine  
  74  9:38  Marine  
  80  9:44  Supply Depot  
  78  9:47  SCV x2  
  60  9:55  Marine  
  60  9:57  Marauder  
  60  9:59  SCV x2  
  58  10:03  Siege Tank  
  61  10:07  Supply Depot  
  61  10:11  SCV x2  
  61  10:13  Marauder  
  65  10:18  Marauder  
  67  10:23  SCV  
  68  10:32  Supply Depot  
  68  10:33  Terran Infantry Weapons Level 2  
  68  10:34  Marauder  
  68  10:35  Siege Tank  
  73  10:39  Marauder  
  72  10:56  Marauder, Supply Depot  
  53  11:04  Marauder, Marine x2  
  50  11:17  SCV x2, Marauder  
  54  11:22  Marine x2  
  54  11:25  Marauder  
  58  11:29  SCV x2  
  58  11:38  Marauder  
  60  11:41  SCV, Command Center  
  60  11:42  SCV  
  60  11:47  Marauder  
  64  11:53  SCV  
  64  11:54  SCV, Missile Turret  
  66  12:00  Marauder  
  68  12:02  Terran Vehicle And Ship Armor Level 1  
  68  12:06  SCV  
  69  12:08  SCV  
  69  12:10  Marauder  
  69  12:14  Medivac  
  69  12:15  Missile Turret  
  74  12:18  SCV  
  74  12:20  SCV  
  74  12:21  Marauder  
  78  12:30  SCV  
  78  12:31  Marauder  
  78  12:32  SCV  
  82  12:42  SCV  
  82  12:43  Marauder  
  85  12:45  SCV  
  85  12:49  Terran Infantry Armor Level 2  
  86  12:54  SCV  
  86  12:57  SCV  
  88  13:06  SCV, Marauder x2  
  88  13:07  Marine  
  88  13:09  SCV  
  95  13:18  SCV  
  96  13:21  SCV  
  96  13:26  Planetary Fortress  
  97  13:28  Marauder x2  
  97  13:30  Missile Turret  
  101  13:37  Refinery  
  101  13:44  Medivac  
  101  13:45  Command Center  
  103  13:49  Marauder x2  
  103  13:50  Marine x2  
  103  13:51  Missile Turret  
  103  13:53  Widow Mine  
  111  13:57  Factory  
  111  14:10  Marauder  
  111  14:11  Marauder  
  111  14:14  Widow Mine  
  117  14:32  Marauder, Command Center  
  67  15:02  Marauder  
  67  15:03  Marauder, Marine x2  
  67  15:04  Factory Tech Lab  
  67  15:06  Siege Tank  
  65  15:15  Missile Turret  
  65  15:20  Missile Turret  
  65  15:21  Marine x2  
  66  15:22  Missile Turret  
  66  15:24  Marauder x2  
  71  15:30  Thor  
  71  15:34  Terran Infantry Armor Level 3  
  71  15:35  Terran Vehicle And Ship Armor Level 2  
  77  15:38  Marine, Siege Tank  
  77  15:39  Marine  
  77  15:40  SCV  
  77  15:41  SCV  
  84  15:45  Marauder x2  
  88  15:52  SCV, Medivac  
  88  15:53  SCV  
  88  15:54  Planetary Fortress  
  88  15:56  Marine  
  93  16:01  Refinery  
  93  16:04  SCV  
  93  16:05  SCV  
  93  16:07  Marauder x2  
  93  16:09  Missile Turret  
  99  16:12  Marine  
  99  16:14  Marine  
  99  16:16  SCV  
  99  16:17  SCV, Barracks  
  103  16:22  Medivac  
  103  16:23  Siege Tank  
  103  16:25  Widow Mine  
  110  16:28  Marauder x2  
  110  16:30  Missile Turret  
  114  16:37  SCV x4  
  118  16:46  Widow Mine  
  120  16:49  SCV x4, Marauder x2  
  120  16:50  Missile Turret  
  120  16:52  Starport Tech Lab, Barracks  
  128  17:01  SCV x3  
  130  17:03  Widow Mine  
  130  17:08  Widow Mine, Barracks Tech Lab  
  135  17:10  Factory  
  135  17:11  Marauder x2, Missile Turret  
  139  17:18  SCV x2  
  139  17:19  SCV  
  142  17:32  Marauder x2, Thor  
  142  17:33  Thor  
  158  17:43  Barracks Tech Lab  
  158  17:48  Planetary Fortress  
  158  17:53  Marauder  
  158  17:54  Missile Turret  
  158  17:55  Missile Turret  
  158  17:57  Missile Turret  
  158  17:58  Refinery  
  158  18:13  Marine  
  158  18:14  Marauder x3, Marine x2  
  158  18:16  Missile Turret  
  158  18:17  Missile Turret  
  167  18:31  Marine  
  167  18:32  Marine x2  
  159  18:35  Marine x3, Thor  
  159  18:36  Thor  
  161  18:49  Marine x2  
  161  18:52  Factory Tech Lab  
  129  19:17  Terran Infantry Weapons Level 3  
  129  19:18  Terran Vehicle Weapons Level 2, Thor x2  
  129  19:21  Viking  
  143  19:27  Starport  
  143  19:28  Starport  
  141  19:41  Refinery  
  141  19:51  Viking  
  141  19:59  Refinery  
  141  20:01  Thor x2  
  141  20:03  Refinery  
  152  20:07  Starport  
  152  20:11  Starport  
  152  20:13  Marauder x2, Marine x2  
  152  20:14  Marauder x2  
  154  20:16  Thor  
  159  20:23  Viking  
  145  20:29  Missile Turret x2  
  145  20:30  Missile Turret  
  145  20:31  Marine x2, Missile Turret  
  145  20:34  Marine x3  
  145  20:35  Marine  
  147  20:44  Thor x2  
  147  20:48  Starport  
  147  20:49  Marine x2  
  154  20:51  Missile Turret  
  154  20:53  Viking  
  143  21:06  Thor  
  126  21:18  Marauder x2, Marine  
  113  21:27  Thor x2  
  114  21:49  Thor  
  92  22:02  Command Center  
  92  22:09  Thor  
  92  22:12  Viking  
  100  22:32  Orbital Command  
  100  22:34  Thor  
  96  23:44  Thor  
  108  23:58  Command Center  
  108  24:04  Missile Turret  
  108  24:16  Missile Turret  
  108  24:17  Missile Turret  
  102  24:20  Barracks Tech Lab  
  102  24:25  Viking x3  
  102  24:26  Missile Turret  
  102  24:27  Viking x3  
  102  24:39  Missile Turret  
  102  24:40  Missile Turret  
  102  24:47  Missile Turret x3  
  102  24:54  Terran Vehicle And Ship Armor Level 3  
  102  24:55  Viking  
  102  24:57  Viking  
  102  24:58  Viking  
  108  25:01  Missile Turret  
  108  25:07  Missile Turret  
  108  25:10  Viking x2, Missile Turret  
  75  25:49  Factory Tech Lab  
  61  25:57  Factory, Viking x2  
  61  25:59  Factory  
  61  26:00  Marine x4  
  61  26:04  Orbital Command  
  69  26:13  Neosteel Armor  
  69  26:18  Marine x4  
  70  26:19  Command Center  
  72  26:36  Marine x4  
  75  26:48  Factory Tech Lab x2  
  75  26:53  Marine  
  76  26:59  Factory  
  76  27:02  Factory  
  29  27:23  Viking  
  29  27:24  Viking  
  32  27:38  Marine x4  
  21  27:55  Marine  
  21  27:56  Marine x2  
  18  28:13  Marine  
  18  28:14  Marine x2  
  18  28:16  Missile Turret  
  17  28:29  Viking  
  17  28:32  Marine x2  
  20  28:35  Missile Turret  
  17  28:49  Marine x2  
  19  28:55  Missile Turret  
  19  28:59  Command Center  
  19  29:15  Missile Turret  
  19  29:20  Marine x2  
  21  29:35  Missile Turret  
  21  29:38  Marine x2  
  23  29:53  Barracks  
  23  29:56  Marine x2  
  23  29:58  Orbital Command  
  25  30:14  Marine x2  
  25  30:16  Orbital Command  
  27  30:24  SCV  
  28  30:32  Marine x2  
  30  30:36  SCV  
  31  30:44  Marine  
  31  30:48  SCV  
  31  30:49  Marine x2, Viking  
  37  31:00  SCV  
  37  31:02  Marine  
  39  31:07  Marine x2  
  41  31:12  SCV  
  42  31:19  Marine  
  42  31:23  Missile Turret  
  43  31:30  Orbital Command  
  43  31:36  Marine x2  
  45  31:44  Missile Turret  
  45  32:04  Missile Turret  
  45  32:30  SCV x2  
Show
View Real Time Build Order
Export as new Build Order

qqq Zerg - Winner!

Build Orders: Hatch First 

Get SALT Encoding   

  12  0:01  Drone  
  13  0:08  Drone  
  14  0:36  Hatchery  
  13  0:52  Spawning Pool  
  13  0:56  Drone  
  13  1:03  Overlord  
  13  1:09  Drone  
  14  1:14  Extractor  
  14  1:18  Drone  
  14  1:22  Drone  
  15  1:31  Drone  
  16  1:41  Zergling x2  
  16  1:42  Queen  
  19  1:49  Drone  
  19  1:52  Drone  
  21  2:06  Drone  
  21  2:07  Drone  
  23  2:12  Drone  
  23  2:14  Drone  
  25  2:21  Queen  
  27  2:26  Overlord  
  27  2:33  Metabolic Boost  
  27  2:37  Drone  
  27  2:43  Overlord  
  28  2:46  Drone  
  28  2:50  Drone  
  30  2:51  Zergling x2  
  30  2:54  Drone  
  30  2:56  Drone  
  33  3:01  Zergling x2  
  33  3:04  Zergling x2  
  36  3:05  Zergling x2  
  36  3:11  Evolution Chamber  
  35  3:14  Drone  
  35  3:16  Drone  
  35  3:18  Drone  
  38  3:23  Overlord  
  38  3:26  Drone  
  39  3:35  Lair  
  39  3:37  Zerg Melee Weapons Level 1  
  39  3:38  Drone  
  40  3:43  Drone  
  40  3:45  Zergling x4  
  40  3:47  Zergling x2  
  44  3:50  Drone  
  44  3:51  Drone  
  44  3:52  Drone  
  47  4:00  Zergling x4, Baneling Nest  
  48  4:03  Drone  
  49  4:10  Extractor  
  49  4:11  Drone  
  49  4:20  Drone x2  
  49  4:22  Drone  
  49  4:23  Overlord  
  52  4:30  Pneumatized Carapace  
  52  4:37  Hatchery  
  51  4:45  Drone x2, Extractor  
  53  4:48  Drone x3  
  55  4:56  Zergling x2  
  55  4:57  Zergling x4  
  55  4:58  Drone x2  
  55  4:59  Overlord x2  
  39  5:21  Zergling x2  
  39  5:22  Zergling x8  
  43  5:29  Zergling x2  
  44  5:37  Zergling x2  
  38  5:53  Drone  
  38  5:55  Hatchery  
  37  6:21  Zergling x2  
  37  6:22  Zergling x4  
  37  6:23  Zergling x2  
  37  6:24  Zergling x4  
  43  6:43  Zergling x6  
  46  6:47  Hatchery  
  45  6:54  Zergling x2  
  44  7:12  Drone  
  45  7:24  Zergling x2  
  45  7:25  Drone, Zergling x2  
  45  7:26  Drone  
  49  7:32  Drone  
  49  7:35  Zerg Ground Armor Level 1  
  52  7:39  Lair  
  50  7:46  Spore Crawler x2  
  50  7:49  Drone  
  50  7:50  Spore Crawler  
  48  8:01  Zergling x6  
  48  8:02  Drone x2, Zergling x2  
  48  8:03  Drone  
  46  8:31  Drone, Zergling x6  
  46  8:32  Drone x4  
  52  8:35  Hatchery  
  49  8:42  Hatchery  
  46  8:51  Drone x3  
  46  8:52  Zergling x2  
  46  8:53  Infestation Pit  
  49  9:00  Zergling x2  
  49  9:01  Drone x2  
  52  9:07  Drone x2  
  52  9:08  Zergling x2  
  55  9:26  Drone x3  
  55  9:27  Zergling x4  
  60  9:31  Hive  
  61  9:38  Zergling x2, Spire  
  61  9:44  Extractor  
  61  9:45  Drone x3  
  53  9:55  Zergling x2  
  53  9:56  Zergling x4  
  53  9:57  Drone x2  
  58  10:00  Drone x3  
  58  10:02  Spore Crawler  
  58  10:04  Spine Crawler  
  58  10:06  Spine Crawler  
  58  10:07  Zergling x2  
  58  10:08  Drone x2, Zergling x2  
  58  10:10  Drone x2  
  64  10:17  Zerg Melee Weapons Level 2  
  64  10:19  Zergling x6  
  64  10:20  Drone x2  
  64  10:21  Drone x2  
  71  10:26  Spine Crawler  
  70  10:32  Drone x2  
  70  10:33  Drone x2, Zergling x2  
  75  10:38  Baneling x3  
  75  10:39  Centrifical Hooks  
  75  10:43  Baneling x4  
  75  10:44  Zergling x4  
  75  10:45  Zergling x4  
  75  10:46  Drone  
  75  10:48  Drone  
  79  11:03  Drone, Zergling x2  
  79  11:04  Drone x4  
  84  11:09  Overseer  
  83  11:28  Zergling x4  
  83  11:29  Zergling x2  
  83  11:31  Overlord x5  
  83  11:32  Overlord x2  
  86  11:42  Spore Crawler  
  86  11:44  Spine Crawler  
  71  11:55  Corruptor  
  71  11:56  Zergling x2  
  71  11:57  Ultralisk Cavern, Zergling x6  
  71  11:58  Zergling x16  
  71  11:59  Zergling x8  
  88  12:04  Baneling x4  
  88  12:09  Spore Crawler  
  88  12:12  Spine Crawler  
  84  12:22  Drone, Spine Crawler x2  
  78  12:23  Drone  
  78  12:24  Drone x6  
  78  12:25  Zergling x6  
  88  12:38  Drone  
  88  12:39  Zergling x10  
  88  12:41  Extractor  
  88  12:42  Drone x2  
  95  12:44  Extractor  
  73  13:01  Zergling x8  
  73  13:02  Zergling x6  
  76  13:13  Ultralisk  
  76  13:17  Extractor  
  75  13:32  Hatchery  
  74  13:35  Overseer  
  74  13:36  Overlord x2  
  74  13:37  Zergling x8  
  74  13:38  Ultralisk  
  74  13:39  Zergling x4  
  86  13:43  Anabolic Synthesis  
  86  13:49  Hatchery  
  86  13:51  Hatchery  
  86  13:53  Hatchery  
  86  13:54  Zergling x6  
  86  13:55  Drone x6  
  91  13:59  Spine Crawler  
  91  14:11  Zergling x10  
  91  14:12  Drone x2  
  98  14:21  Zerg Ground Armor Level 2  
  98  14:25  Zergling x6  
  98  14:26  Drone x2  
  101  14:45  Ultralisk  
  103  14:46  Zergling x8  
  103  14:47  Drone  
  103  14:48  Drone x4  
  103  14:52  Drone x2, Spine Crawler x2  
  111  14:58  Zergling x4  
  113  15:07  Ultralisk  
  113  15:08  Zergling x10  
  113  15:09  Drone x4  
  113  15:10  Drone  
  121  15:31  Zergling x4, Ultralisk  
  121  15:32  Zergling x16  
  121  15:33  Drone x4  
  121  15:34  Drone x4  
  145  15:37  Extractor  
  145  15:42  Extractor  
  143  15:43  Spine Crawler  
  143  15:44  Spine Crawler x2, Spore Crawler  
  143  15:45  Drone x2, Spine Crawler  
  140  15:50  Spine Crawler  
  115  16:10  Ultralisk x3  
  115  16:11  Zergling x4  
  132  16:13  Drone x2  
  132  16:15  Drone  
  132  16:16  Drone  
  136  16:25  Zergling x2  
  137  16:26  Drone  
  137  16:27  Overlord  
  137  16:28  Overlord x3  
  138  16:35  Chitinous Plating  
  138  16:38  Zerg Melee Weapons Level 3  
  138  16:42  Adrenal Glands  
  139  16:47  Zergling x6  
  139  16:48  Drone x4  
  139  16:49  Drone  
  146  17:03  Ultralisk  
  134  17:28  Zerg Flyer Armor Level 1  
  134  17:29  Corruptor x3  
  134  17:31  Zergling x14  
  134  17:32  Zergling x16  
  134  17:33  Drone x2, Zergling x4  
  134  17:34  Drone x4  
  157  17:43  Spore Crawler  
  156  17:46  Spore Crawler x2  
  156  17:48  Spore Crawler  
  156  17:49  Spore Crawler  
  156  17:50  Drone x2, Spore Crawler  
  153  17:53  Spore Crawler  
  153  17:54  Spore Crawler  
  153  17:56  Corruptor  
  153  18:05  Corruptor x2  
  144  18:35  Zergling x2, Ultralisk x3  
  144  18:36  Zergling x6  
  144  18:37  Drone  
  139  18:58  Zergling x2, Ultralisk x2  
  139  19:00  Drone  
  144  19:17  Corruptor x3  
  144  19:20  Drone x3  
  151  19:33  Hatchery  
  151  19:35  Zergling x4  
  134  20:15  Ultralisk x3  
  134  20:18  Zergling x6  
  156  20:28  Zergling x4  
  144  20:47  Drone  
  144  20:48  Ultralisk  
  144  20:49  Zergling x6  
  132  21:19  Ultralisk x2  
  132  21:20  Zergling x4  
  132  21:21  Drone  
  134  21:32  Drone x3  
  117  21:48  Hatchery  
  117  21:53  Corruptor  
  117  21:54  Corruptor x2  
  115  21:58  Drone x2  
  122  22:24  Zergling x4, Ultralisk  
  122  22:25  Zergling x8  
  131  23:12  Zerg Ground Armor Level 3  
  119  23:20  Ultralisk x3  
  119  23:21  Zergling x4  
  121  23:40  Zergling x6  
  124  23:41  Ultralisk  
  124  23:42  Ultralisk  
  136  23:52  Zergling x6, Ultralisk  
  145  24:03  Hatchery  
  115  24:40  Ultralisk x2  
  115  24:41  Drone x3  
  115  24:45  Zergling x10  
  123  24:54  Drone  
  123  24:55  Spore Crawler x2  
  123  24:56  Drone, Spore Crawler  
  116  25:06  Zergling x8, Ultralisk x2  
  132  25:15  Drone  
  132  25:16  Drone x3  
  133  25:37  Zergling x8, Ultralisk  
  133  25:38  Zergling x2  
  133  25:39  Drone  
  133  25:40  Drone x2  
  128  26:04  Drone x4  
  128  26:05  Drone x3  
  128  26:07  Zergling x2, Ultralisk  
  128  26:08  Zergling x10  
  147  26:17  Spine Crawler  
  147  26:18  Spore Crawler  
  145  26:20  Spore Crawler x2  
  145  26:22  Drone x2, Spore Crawler  
  144  26:32  Corruptor  
  144  26:41  Drone x2  
  143  27:17  Hatchery  
  143  27:19  Spore Crawler x3  
  143  27:20  Spore Crawler  
  138  27:24  Spore Crawler  
  138  27:26  Spore Crawler  
  136  27:47  Ultralisk x2, Corruptor x2  
  136  27:48  Corruptor x5  
  136  27:50  Drone x4  
  136  27:51  Drone  
  167  27:55  Zerg Flyer Weapons Level 1  
  148  28:26  Zergling x2, Ultralisk  
  142  28:27  Corruptor  
  142  28:28  Zergling x12  
  142  28:29  Zergling x14  
  142  28:30  Drone x3  
  142  28:31  Drone x3  
  142  28:33  Extractor  
  160  28:34  Extractor  
  160  28:35  Spore Crawler  
  160  28:37  Spore Crawler  
  145  28:47  Corruptor  
  141  29:03  Drone x3  
  144  29:27  Ultralisk  
  144  29:28  Zergling x10  
  153  29:49  Extractor  
  153  29:50  Spore Crawler  
  153  29:51  Extractor, Spore Crawler  
  153  29:52  Spore Crawler x3  
  146  29:53  Spore Crawler  
  146  29:59  Corruptor x2  
  141  30:20  Corruptor  
  141  30:21  Corruptor x2  
  139  30:22  Zergling x2  
  139  30:23  Zergling x8  
  139  30:24  Drone x6  
  139  30:25  Drone  
  154  30:33  Spore Crawler  
  154  30:34  Spore Crawler  
  154  30:35  Spore Crawler  
  140  30:42  Corruptor  
  117  31:38  Corruptor x3  
  122  31:57  Hatchery  
  111  32:35  Hatchery  
  110  32:44  Hatchery  
Tags
 
Add a new tag
Caveats
  • Supply blocks, unpowered buildings, or Contaminate may cause inaccurate times.
  • Supply counts are checked every 10 seconds.